 Dungeon Crawl Stone Soup version 0.29.1-1-gd02db6906a (webtiles) character file.

Game seed: 11313299559071968156

2419 Theotherone the Cleaver (level 9, -4/65 (81) HPs)
             Began as a Minotaur Fighter on Sept 18, 2022.
             Was a Priest of Okawaru.
             Slain by an orc warrior
             ... wielding a +2 halberd of electrocution
              (9 damage)
             ... in a bailey.
             The game lasted 00:20:15 (6573 turns).

Theotherone the Cleaver (Minotaur Fighter)          Turns: 6573, Time: 00:20:16

HP:   -4/65 (81)    AC: 17    Str: 34    XL:     9   Next: 24%
MP:   9/11          EV: 11    Int:  5    God:    Okawaru [***...]
Gold: 486           SH:  6    Dex: 10    Spells: 8/8 levels left

rFire   . . .      SeeInvis .   y - +6 spear of Okawaru, Feeding {vorpal, rPois Will+ Str+9}
rCold   . . .      Faith    +   c - +1 buckler
rNeg    . . .      Spirit   .   b - +0 scale mail
rPois   +          Reflect  .   (helmet restricted)
rElec   .          Harm     .   r - +0 cloak
rCorr   +          Rampage  .   v - +2 pair of gloves
Will    +....                   (no boots)
Stlth   +.........              w - amulet of faith
HPRegen 0.20/turn               C - ring of resist corrosion
MPRegen 0.12/turn               I - +4 ring of protection

@: mighty, heroic, heavily drained
A: horns 2, retaliatory headbutt
a: Renounce Religion, Heroism


You were in a bailey.
You worshipped Okawaru.
Okawaru was most pleased with you.
You visited 1 branch of the dungeon, and saw 7 of its levels.
You also visited: Bailey.

You collected 486 gold pieces.

Inventory:

Hand Weapons
 a - a +5 spectral war axe
 m - a +1 vampiric short sword
 t - a +1 mace of holy wrath
 y - the +6 spear of Okawaru, Feeding (weapon) {vorpal, rPois Will+ Str+9}
   (You found it on level 5 of the Dungeon)

   It inflicts extra damage upon your enemies.
   Str:       It affects your strength (+9).
   rPois:     It protects you from poison.
   Will:      It increases your willpower.
 L - a +0 halberd of electrocution
 M - a +0 halberd of draining
 O - a +2 halberd of draining
 P - a +2 halberd of electrocution
Missiles
 j - 24 poisoned darts
 l - 6 boomerangs (quivered)
Armour
 b - a +0 scale mail (worn)
 c - a +1 buckler (worn)
 o - a +0 plate armour
 r - a +0 cloak (worn)
 u - the +1 ring mail of the Louse {Harm Fly rF+ Str-3}
   (You found it on level 7 of the Dungeon)

   Str:       It affects your strength (-3).
   rF:        It protects you from fire.
   Fly:       It grants you flight.
   Harm:      It increases damage dealt and taken.
 v - a +2 pair of gloves (worn)
 E - a +1 robe of fire resistance
Magical Staves
 f - a staff of death
 s - a staff of conjuration
Jewellery
 g - an amulet of reflection
 p - a ring of magical power
 w - an amulet of faith (around neck)
 C - a ring of resist corrosion (left hand)
 I - a +4 ring of protection (right hand)
Wands
 d - a wand of roots (8)
 H - a wand of mindburst (16)
Scrolls
 k - 4 scrolls of teleportation
 n - a scroll of vulnerability
 x - a scroll of enchant armour
 A - a scroll of blinking {unknown}
 D - a scroll of immolation {unknown}
 G - a scroll of acquirement {unknown}
Potions
 e - 3 potions of curing
 h - 3 potions of flight
 i - a potion of heal wounds {unknown}
 q - 3 potions of attraction
 z - a potion of cancellation
 B - 2 potions of haste
 F - a potion of magic
 J - a potion of invisibility {unknown}
 N - a potion of mutation {unknown}


   Skills:
 - Level 8.0(13.0) Fighting
 - Level 9.4(15.4) Axes
 + Level 6.8(14.2) Polearms
 - Level 3.6(8.6) Armour
 - Level 3.6(8.6) Shields
 - Level 5.0 Invocations


You had 8 spell levels left.
You didn't know any spells.
Your spell library contained the following spells:

 Spells                   Type           Power      Damage    Failure   Level
 Foxfire                  Conj/Fire      0%         2x1d4     75%         1
 Sandblast                Erth           0%         2d4       75%         1
 Passwall                 Tmut/Erth      0%         N/A       86%         2
 Conjure Flame            Conj/Fire      0%         6-21      98%         3
 Ignite Poison            Fire/Tmut/Pois 0%         N/A       98%         3
 Inner Flame              Hex/Fire       0%         N/A       98%         3
 Mephitic Cloud           Conj/Pois/Air  0%         N/A       98%         3
 Stone Arrow              Conj/Erth      0%         3d7       98%         3
 Flame Wave               Conj/Fire      0%         2d4       100%        4
 Freezing Cloud           Conj/Ice/Air   0%         6-21      100%        5


Dungeon Overview and Level Annotations

Branches:
Dungeon (7/15)             Temple (0/1) D:5          Bailey (1/1)

Altars:
Cheibriados
Dithmenos
Elyvilon
Kikubaaqudgha
Okawaru
Zin
The Shining One

Shops:
D:5 (


Innate Abilities, Weirdness & Mutations

You have a pair of horns on your head.
You reflexively headbutt those who attack you in melee.


Message History

The orc warrior is almost dead.
The gnoll hits you but does no damage.
You feel drained.
The gnoll hits you from afar with a +2 halberd of draining.
You feel drained.
The orc warrior hits you from afar with a +2 halberd of electrocution.
You are too injured to fight recklessly!
You are too injured to fight recklessly!
You are too injured to fight recklessly!
You are too injured to fight recklessly!
You are too injured to fight recklessly!
You are too injured to fight recklessly!
You gain the combat prowess of a mighty hero.
The gnoll hits you from afar with a +1 halberd of draining!
You feel drained.
You are too injured to fight recklessly!
You feel very mighty all of a sudden. The gnoll hits you but does no damage.
You feel drained. You block the gnoll's attack.
The gnoll hits you with a +1 halberd of draining!
* * * LOW HITPOINT WARNING * * *
You feel drained.
* * * LOW HITPOINT WARNING * * *
The gnoll closely misses you. The orc warrior barely misses you.
There is an open door, spattered with blood here.
You puncture the gnoll!
You kill the gnoll!
Okawaru accepts your kill. The gnoll barely misses you.
An orc comes into view. It is wielding a +0 trident.
You block the gnoll's attack.
The orc warrior hits you but does no damage.
Things that are here:
a +1 halberd of draining; a potion of might; a gnoll corpse You puncture the gnoll!
You kill the gnoll!
Okawaru accepts your kill.
The orc warrior hits you with a +2 halberd of electrocution!
* * * LOW HITPOINT WARNING * * *
You are electrocuted!
You die...

##.#.###.###)#
##### ### #'#
#g#.###)###.#
+##+##+###'##'##'##
#!.!.!# ##.....##
#.!.!.# ###.....###
+!.⌠.!+ #.'..⌠..'.#
#.!.)o# ###.....###
#!.!g@## ##.....##
+##o##'###'##'##'##
# ##.')###.###.#
##### ### ###


You could see an orc warrior, a gnoll and an orc.

Vanquished Creatures
  Prince Ribbit (D:5)
  Sigmund (D:6)
  Menkaure (D:5)
  2 water moccasins (D:6)
  A black bear (D:4)
  3 ice beasts
  Duvessa (D:4)
  The ghost of turdburglar the Cutter, an amateur DsMo (D:4)
  A centaur (D:6)
  A kobold brigand (D:7)
  A bullfrog (D:7)
  5 scorpions
  Dowan (D:4)
  3 howler monkeys
  A jelly (D:6)
  An orc priest (D:7)
  5 iguanas
  15 gnolls
  7 adders
  2 white imps
  7 dart slugs
  18 orcs
  6 ball pythons
  6 endoplasms
  3 giant cockroaches
  13 goblins
  12 hobgoblins
  5 jackals
  10 kobolds
  5 quokkas
  14 bats
  6 frilled lizards
  10 rats
169 creatures vanquished.

Notes
Turn   | Place    | Note
-------+----------+-------------------------------------------
     0 | D:1      | Theotherone the Minotaur Fighter began the quest for the
                  | Orb.
     0 | D:1      | Reached XP level 1. HP: 19/19 MP: 0/0
   104 | D:1      | Reached skill level 3 in Axes
   106 | D:1      | Reached XP level 2. HP: 20/26 MP: 1/1
   608 | D:1      | Reached skill level 4 in Axes
   795 | D:1      | Reached XP level 3. HP: 31/31 MP: 2/2
  1224 | D:2      | Reached skill level 5 in Axes
  1226 | D:2      | Reached XP level 4. HP: 4/39 MP: 3/3
  2122 | D:3      | Found an iron altar of Okawaru.
  2132 | D:3      | Became a worshipper of Warmaster Okawaru
  2387 | D:3      | Reached skill level 6 in Axes
  2954 | D:3      | Reached XP level 5. HP: 45/45 MP: 4/4
  3516 | D:4      | Noticed a black bear
  3523 | D:4      | Killed a black bear
  3524 | D:4      | Reached skill level 7 in Axes
  3677 | D:4      | Found a runed translucent gate.
  3677 | D:4      | Found a runed translucent gate.
  3677 | D:4      | Noticed turdburglar's ghost (amateur DsMo)
  3679 | D:4      | Found a runed translucent gate.
  3814 | D:4      | Noticed Duvessa
  3814 | D:4      | Noticed Dowan
  3820 | D:4      | Killed Dowan
  3821 | D:4      | Reached XP level 6. HP: 45/51 MP: 5/5
  3828 | D:4      | Killed Duvessa
  3828 | D:4      | Reached * piety under Okawaru
  3829 | D:4      | Reached skill level 8 in Axes
  3879 | D:4      | Killed turdburglar's ghost
  3926 | D:4      | Reached skill level 9 in Axes
  3977 | D:4      | Found a glowing golden altar of the Shining One.
  3995 | D:4      | You fall into a shaft and drop 1 floor!
  3995 | D:5      | Entered Level 5 of the Dungeon
  4002 | D:5      | Reached skill level 1 in Invocations
  4002 | D:5      | Reached XP level 7. HP: 57/57 MP: 3/6
  4096 | D:5      | Found Zugeas's Weapon Emporium.
  4177 | D:5      | Found a staircase to the Ecumenical Temple.
  4244 | D:5      | Noticed Prince Ribbit
  4255 | D:5      | Killed Prince Ribbit
  4420 | D:5      | Reached ** piety under Okawaru
  4437 | D:5      | Identified the +6 spear of Okawaru, Feeding {vorpal, rPois
                  | Will+ Str+9}
  4577 | D:5      | Reached skill level 5 in Invocations
  4696 | D:5      | Noticed Menkaure
  4702 | D:5      | Killed Menkaure
  4703 | D:5      | Reached XP level 8. HP: 21/66 MP: 7/10
  5121 | D:6      | Noticed Sigmund
  5130 | D:6      | Killed Sigmund
  5131 | D:6      | Reached skill level 5 in Fighting
  5142 | D:6      | Found a shadowy altar of Dithmenos.
  5285 | D:6      | Found an ancient bone altar of Kikubaaqudgha.
  5486 | D:6      | Reached skill level 1 in Polearms
  5519 | D:6      | Reached *** piety under Okawaru
  5561 | D:6      | Found a glowing silver altar of Zin.
  5561 | D:6      | Found a faded altar of an unknown god.
  5567 | D:6      | Found a snail-covered altar of Cheibriados.
  5569 | D:6      | Found a white marble altar of Elyvilon.
  5571 | D:6      | Found a faded altar of an unknown god.
  6005 | D:7      | Reached XP level 9. HP: 81/81 MP: 11/11
  6034 | D:7      | Reached skill level 5 in Polearms
  6073 | D:7      | Identified the +1 ring mail of the Louse {Harm Fly rF+
                  | Str-3}
  6365 | D:7      | Found a flagged portal.
  6382 | Bailey   | Entered a bailey
  6573 | Bailey   | Slain by an orc warrior

Illustrated notes

Levels and vault maps discovered:
D:1:      dpeg_arrival_round_c, layout_basic,
          amcnicky_mini_rare_corridor_liquid, minmay_cupped
D:2:      layout_rooms, interstate_on_off
D:3:      layout_basic, okawaru_ov_weapons_minmay, roderic_batcave,
          minmay_fountain_box
D:4:      layout_basic, nicolae_tso_carved_into_rock, ebering_ghost_rock_garden,
          uniq_duvessa
D:5:      layout_loops_ring, minmay_temple_entry_glassed_door, serial_shops,
          shop, uniq_prince_ribbit1, uniq_menkaure
D:6:      layout_cave_pools, chequers_temple_overflow_minitemple,
          nicolae_overflow_hidden_temple, nicolae_dithmenos_shadow_blocks,
          minmay_misc_feat_plants, minmay_misc_feat_five, dk_noncrumbling_2,
          kennysheep_generic_room_6, uniq_sigmund
D:7:      layout_cave_pools, enter_bailey_4
Bailey:   bailey_polearm_nasty_gnolls, bailey

Skill      XL: |  1  2  3  4  5  6  7  8  9 |
---------------+----------------------------+-----
Axes           | 3 4 5 6 7 9 |  9.4
Invocations    | 1 5 |  5.0
Fighting       | 4 8 |  8.0
Polearms       | 4 6 |  6.8
Armour         | |  3.6
Shields        | |  3.6

Action                   |  1- 3 |  4- 6 |  7- 9 || total
-------------------------+-------+-------+-------++-------
Melee: War axe           |    83 |   124 |    36 ||   243
       Headbutt          |     7 |    19 |    23 ||    49
       Spear             |       |       |   141 ||   141
Invok: Heroism           |       |     2 |    10 ||    12
  Use: Potion            |     1 |     1 |     1 ||     3
       Scroll            |       |    13 |    10 ||    23
Armor: Scale mail        |    41 |    51 |    63 ||   155
Dodge: Dodged            |    42 |    46 |    60 ||   148
Block: Buckler           |    53 |    73 |    51 ||   177
       Reflection        |       |     5 |       ||     5
